 Dungeon Crawl Stone Soup version 0.31.0-9-g3a7656b989 (webtiles) character file.

Game seed: 7760178480085126832

47 qw the Shooter (level 3, -7/18 HPs)
             Began as a Spriggan Hunter on Feb 2, 2024.
             Mangled by Terence
             ... wielding a +0 flail
              (9 damage)
             ... on level 2 of the Dungeon.
             The game lasted 00:00:04 (1252 turns).

qw the Shooter (Spriggan Hunter)                    Turns: 1252, Time: 00:00:05

Health: -7/18      AC:  2    Str: 18    XL:     3   Next: 48%
Magic:  4/4        EV: 19    Int: 10    God:
Gold:   108        SH:  0    Dex: 20    Spells: 2/2 levels left

rFire   . . .        a - +0 shortbow
rCold   . . .        (shield currently unavailable)
rNeg    . . .        c - +0 robe
rPois   .            (helmet restricted)
rElec   .            f - scarf of Erashriw {shadows, Fly Str+5}
rCorr   .            (gloves unavailable)
SInv    +            (boots unavailable)
Will    .....        e - amulet of faith
Stlth   ++           g - +6 ring of strength
HPRegen 0.23/turn    (no ring)
MPRegen 0.09/turn

%: faith
@: flying, very quick
A: very small, no large weapons, unfitting armour, see invisible, speed 3
a: no special abilities


You were on level 2 of the Dungeon.
You visited 1 branch of the dungeon, and saw 2 of its levels.

You collected 108 gold pieces.


Innate Abilities, Weirdness & Mutations

You are very small and have problems with some larger weapons.
You are too small for most types of armour.
You have supernaturally acute eyesight. (SInv)
You cover ground extremely quickly. (Speed+++)


   Skills:
 - Level 1.5 Fighting
 + Level 4.8 Ranged Weapons
 - Level 4.0 Dodging
 - Level 1.5 Stealth


You had 2 spell levels left.
You didn't know any spells.
Your spell library was empty.

Inventory:

Hand Weapons
 a - a +0 shortbow (weapon)
Armour
 c - a +0 robe (worn)
 f - the scarf of Erashriw (worn) {shadows, Fly Str+5}
   (You acquired it on level 2 of the Dungeon)

   Str+5:     It affects your strength (+5).
   Fly:       It grants you flight.
Jewellery
 e - an amulet of faith (around neck)
 g - a +6 ring of strength (left hand)
 i - a +4 ring of protection
Scrolls
 h - a scroll of poison {unknown}
Potions
 b - a potion of attraction {unknown}
 d - a potion of brilliance {unknown}
 j - a potion of mutation {unknown}

Dungeon Overview and Level Annotations

Branches:
Dungeon (2/15)

Altars:

Annotations:
D:2 Terence


Message History

You shoot an arrow. The arrow hits the giant cockroach.
You kill the giant cockroach!
You reach down and open the door.
There is an open door here.
Terence the Incautious comes into view.
He is wielding a +0 flail.
You shoot an arrow.
The arrow hits Terence but does no damage.
Terence shouts!
You shoot an arrow.
The arrow hits Terence but does no damage.
You hear a loud squeak.
A rat comes into view.
You shoot an arrow. The arrow closely misses the rat.
The rat misses you.
You shoot an arrow. The arrow barely misses the rat.
The arrow hits Terence but does no damage.
The rat barely misses you.
You shoot an arrow. The arrow hits the rat!
You kill the rat!
You shoot an arrow. The arrow barely misses Terence.
Terence misses you.
You shoot an arrow. The arrow barely misses Terence.
Terence shouts, "DIE!!!"
Terence misses you.
You shoot an arrow.
The arrow hits Terence but does no damage.
Terence hits you with a +0 flail!
Ouch! That really hurt!
You shoot an arrow. The arrow hits Terence!
Terence is moderately wounded.
Terence barely misses you. Terence hits you with a +0 flail.
You shoot an arrow.
The arrow hits Terence but does no damage.
Terence is moderately wounded.
Terence barely misses you.
You shoot an arrow. The arrow closely misses Terence.
Terence hits you with a +0 flail!
Ouch! That really hurt!
You die...
Terence says, "Time to find some more victims."

.# #####.## .# #.# .#
#.# .# ##+## .# ##...##
.# ##.....## .##
##.......## #.
..####.........####....
.....'.........'@@.....
%.####.........###.....
.## ##.......## #... ##
##.....## .# # ##...##
# ##+##


You could see Terence.

Vanquished Creatures
  3 dart slugs
  A bat (D:1)
  6 endoplasms
  3 giant cockroaches
  3 goblins
  3 hobgoblins
  2 quokkas (D:2)
  3 ball pythons (D:1)
  4 frilled lizards
  7 kobolds
  2 rats (D:2)
37 creatures vanquished.

Notes
Turn   | Place    | Note
-------+----------+-------------------------------------------
     0 | D:1      | qw the Spriggan Hunter began the quest for the Orb.
     0 | D:1      | Reached XP level 1. HP: 10/10 MP: 2/2
     0 | D:1      | 0 ||| qw: Version: 0.3-a-155-g5e7d8dd
     0 | D:1      | 0 ||| qw: Game counter: 638
     0 | D:1      | 0 ||| qw: Melee chars always use a shield: true
     0 | D:1      | 0 ||| qw: God list: Okawaru
     0 | D:1      | 0 ||| qw: Allow faded altars: false
     0 | D:1      | 0 ||| qw: Do Orc after clearing Dungeon:15 true
     0 | D:1      | 0 ||| qw: Do second Lair branch before Depths: true
     0 | D:1      | 0 ||| qw: Lair rune preference: random
     0 | D:1      | 0 ||| qw: Goals: Normal
     0 | D:1      | 0 ||| PLANNING D:1-11
    41 | D:1      | Reached skill level 3 in Dodging
   183 | D:1      | Reached XP level 2. HP: 14/14 MP: 3/3
   485 | D:1      | You fall into a shaft and drop 1 floor!
   512 | D:2      | 512 ||| UPGRADING to amulet of faith.
   517 | D:2      | 517 ||| UPGRADING to +6 ring of strength.
   518 | D:2      | 518 ||| READING scroll labelled ROSTRON TYNEQO.
   518 | D:2      | Identified a scroll of acquirement
   518 | D:2      | 518 ||| ACQUIRING scarf of Erashriw {shadows, Fly Str+5}
   518 | D:2      | Acquired the scarf of Erashriw {shadows, Fly Str+5}
   520 | D:2      | 520 ||| UPGRADING to scarf of Erashriw {shadows, Fly
                  | Str+5}.
   525 | D:2      | 525 ||| READING scroll labelled ECLOSU ERUQU.
   526 | D:2      | 526 ||| READING scroll labelled IPUCYA IJEY.
   627 | D:2      | 627 ||| READING scroll labelled MIXZEN GEHUTZUEDA.
   628 | D:2      | 628 ||| DROPPING scroll of butterflies.
   728 | D:1      | Reached XP level 3. HP: 15/18 MP: 4/4
  1241 | D:2      | Noticed Terence
  1250 | D:2      | HP: 1/18 [Terence/+0 flail (6)]
  1252 | D:2      | Mangled by Terence

Levels and vault maps discovered:
D:1:      mushboom_english_gardens, layout_loops_ring, minmay_split_cup_large
D:2:      layout_loops_corners, minmay_misc_feat_rows, uniq_terence

Skill      XL: |  1  2 |
---------------+-------+-----
Dodging        | 3 4 |  4.0
Fighting       | |  1.5
Ranged Weapons | |  4.8
Stealth        | |  1.5

Action                     || total
---------------------------++-------
   Fire: Shortbow          ||    99
    Use: Scroll            ||     4
 Armour: Robe              ||     7
  Dodge: Dodged            ||    25

Table legend:
 A = Non-vault XP
 B = Vault XP
 C = Vault XP percentage of total XP
 D = Non-vault monster count
 E = Vault monster count
 F = Vault count percentage of total count
                 A         B        C        D         E       F
            +---------+---------+-------+---------+---------+-------
      Total |      61 |       7 |  10.3 |      33 |       4 |  10.8
            +---------+---------+-------+---------+---------+-------
        D:1 |      33 |       7 |  17.5 |      17 |       4 |  19.0
        D:2 |      28 |       0 |   0.0 |      16 |       0 |   0.0
            +---------+---------+-------+---------+---------+-------
